 Dungeon Crawl Stone Soup version 0.31-a0-152-g6aa68a64a1 (webtiles) character file.

Game seed: 2083973285852188687

79 qw the Shooter (level 4, -3/40 HPs)
             Began as a Naga Hunter on June 10, 2023.
             Slain by Sigmund
             ... wielding a +0 scythe
              (11 damage)
             ... on level 2 of the Dungeon.
             The game lasted 00:00:27 (1112 turns).

qw the Shooter (Naga Hunter)                        Turns: 1112, Time: 00:00:27

Health: -3/40      AC:  3    Str: 13    XL:     4   Next: 38%
Magic:  4/4        EV:  9    Int: 10    God:
Gold:   60         SH:  0    Dex: 16    Spells: 3/3 levels left

rFire   . . .        Y - +0 shortbow
rCold   . . .        (shield currently unavailable)
rNeg    + . .        c - +0 leather armour
rPois   +            e - +0 helmet
rElec   .            (no cloak)
rCorr   .            (no gloves)
SInv    +            (no barding)
Will    .....        (no amulet)
Stlth   ++           f - ring of positive energy
HPRegen 0.26/turn    (no ring)
MPRegen 0.09/turn

%: no passive effects
@: very slow
A: AC +1, large, see invisible, deformed body, poison resistance, slowness 2,
spit poison 1, naga tail 1
a: Spit Poison


You were on level 2 of the Dungeon.
You visited 1 branch of the dungeon, and saw 2 of its levels.

You collected 60 gold pieces.


Innate Abilities, Weirdness & Mutations

Your serpentine skin is tough. (AC +1)
You have supernaturally acute eyesight. (SInv)
Armour fits poorly on your strangely shaped body.
Your system is resistant to poisons. (rPois)
You cover ground very slowly.
You can spit poison.
You have a snake-like lower body.


   Skills:
 + Level 2.6 Fighting
 - Level 5.0 Ranged Weapons
 - Level 1.5 Dodging
 - Level 1.5 Stealth


You had 3 spell levels left.
You didn't know any spells.
Your spell library was empty.

Inventory:

Hand Weapons
 Y - a +0 shortbow (weapon)
Armour
 c - a +0 leather armour (worn)
 e - a +0 helmet (worn)
 g - a +0 pair of gloves
Jewellery
 f - a ring of positive energy (left hand)
Scrolls
 a - a scroll of identify
 d - a scroll of fear {unknown}
Potions
 b - a potion of attraction {unknown}
 h - 2 potions of cancellation {unknown}
 j - a potion of berserk rage {unknown}
 k - a potion of degeneration {unknown}
 l - 2 potions of haste {unknown}

Dungeon Overview and Level Annotations

Branches:
Dungeon (2/15)

Altars:

Annotations:
D:2 Sigmund


Message History

You shoot an arrow. The arrow barely misses Sigmund.
You shoot an arrow.
The arrow hits Sigmund but does no damage.
Sigmund is lightly wounded.
You have got your breath back.
Sigmund breathes a few words.
Sigmund's hands start flickering wildly.
Sigmund casts a spell at you. You resist with some effort.
1105 ||| INVOKING Spit Poison.
Aiming: Spit Poison (1% risk of failure)
Press: ? - help, Shift-Dir - straight line, f/p - Sigmund The splash of poison hits Sigmund.
Sigmund is poisoned.
Sigmund is lightly wounded.
Sigmund hits you from afar with a +0 scythe.
You shoot an arrow.
The arrow hits Sigmund but does no damage.
Sigmund is lightly wounded.
Sigmund points at you and mumbles some strange words.
The puff of flame hits you!
You shoot an arrow. The arrow barely misses Sigmund.
Sigmund gestures at you while chanting.
You are confused.
Sigmund closely misses you. Sigmund casts a spell at you.
The magic dart hits you! Sigmund casts a spell at you.
The puff of flame hits you!
Enter note:
Enter note:
Enter note:
Enter note:
Enter note:
Enter note: You have got your breath back.
Sigmund casts a spell at you. The puff of flame hits you.
You feel less confused.
Sigmund hits you from afar with a +0 scythe!
You die...

##.#### #.....#.#
.#.##.###.####.##
.#.#...##.# #.#
..........# #.#
####...#### #.# #
##.## #.# # #.#
#.# # #.#
####.#### # #+#
#.....@.#
#.##.##.# # #.#
@# # #.. .# # #..
.# + .....# #
.....# # #..### #


You could see Sigmund (poisoned).

Vanquished Creatures
  Terence (D:2)
  An adder (D:2)
  A dart slug (D:2)
  3 endoplasms (D:1)
  4 giant cockroaches
  9 goblins
  3 hobgoblins
  3 kobolds (D:1)
  A quokka (D:2)
  5 ball pythons
  5 bats
  2 frilled lizards
  4 rats
42 creatures vanquished.

Notes
Turn   | Place    | Note
-------+----------+-------------------------------------------
     0 | D:1      | qw the Naga Hunter began the quest for the Orb.
     0 | D:1      | Reached XP level 1. HP: 19/19 MP: 1/1
     0 | D:1      | 0 ||| qw: Version: 0.2-a-122-gbc61b45
     0 | D:1      | 0 ||| qw: Game counter: 3554
     0 | D:1      | 0 ||| qw: Always use a shield: true
     0 | D:1      | 0 ||| qw: God list: Okawaru
     0 | D:1      | 0 ||| qw: Allow faded altars: false
     0 | D:1      | 0 ||| qw: Do Orc after D:15 true
     0 | D:1      | 0 ||| qw: Do second Lair branch before Depths: true
     0 | D:1      | 0 ||| qw: Lair rune preference: random
     0 | D:1      | 0 ||| qw: Plans: Normal
     0 | D:1      | 0 ||| PLANNING D:1-11
    40 | D:1      | 40 ||| INVOKING Spit Poison.
    69 | D:1      | 69 ||| INVOKING Spit Poison.
   153 | D:1      | 153 ||| INVOKING Spit Poison.
   161 | D:1      | 161 ||| INVOKING Spit Poison.
   166 | D:1      | 166 ||| INVOKING Spit Poison.
   167 | D:1      | Reached skill level 4 in Ranged Weapons
   167 | D:1      | Reached XP level 2. HP: 26/26 MP: 2/2
   170 | D:1      | 170 ||| INVOKING Spit Poison.
   174 | D:1      | 174 ||| INVOKING Spit Poison.
   196 | D:1      | 196 ||| INVOKING Spit Poison.
   258 | D:1      | 258 ||| INVOKING Spit Poison.
   499 | D:1      | 499 ||| INVOKING Spit Poison.
   503 | D:1      | 503 ||| INVOKING Spit Poison.
   509 | D:1      | 509 ||| INVOKING Spit Poison.
   521 | D:1      | 521 ||| INVOKING Spit Poison.
   528 | D:1      | 528 ||| INVOKING Spit Poison.
   529 | D:1      | Reached XP level 3. HP: 32/32 MP: 3/3
   558 | D:1      | 558 ||| INVOKING Spit Poison.
   587 | D:1      | 587 ||| INVOKING Spit Poison.
   605 | D:1      | 605 ||| INVOKING Spit Poison.
   616 | D:1      | 616 ||| INVOKING Spit Poison.
   712 | D:1      | 712 ||| UPGRADING to +0 helmet.
   717 | D:1      | 717 ||| UPGRADING to ring of positive energy.
   718 | D:1      | 718 ||| READING 3 scrolls labelled HILERY NOTAOTWY.
   719 | D:1      | 719 ||| READING scroll labelled CYJOLUE UVOMATIRGHY.
   720 | D:1      | 720 ||| READING scroll labelled XATEPE AWNING.
   721 | D:1      | 721 ||| READING 2 scrolls of identify.
   721 | D:1      | 721 ||| IDENTIFYING metallic grey potion
   722 | D:1      | 722 ||| DROPPING scroll of butterflies.
   723 | D:1      | 723 ||| DROPPING potion of enlightenment.
   739 | D:2      | Noticed Terence
   740 | D:2      | 740 ||| INVOKING Spit Poison.
   744 | D:2      | 744 ||| INVOKING Spit Poison.
   746 | D:2      | Killed Terence
   747 | D:2      | Reached skill level 5 in Ranged Weapons
   748 | D:2      | Reached XP level 4. HP: 25/39 MP: 4/4
   807 | D:2      | 807 ||| INVOKING Spit Poison.
   870 | D:2      | 870 ||| INVOKING Spit Poison.
   897 | D:2      | 897 ||| INVOKING Spit Poison.
   928 | D:2      | 928 ||| INVOKING Spit Poison.
   946 | D:2      | 946 ||| INVOKING Spit Poison.
  1034 | D:2      | 1034 ||| INVOKING Spit Poison.
  1042 | D:2      | 1042 ||| INVOKING Spit Poison.
  1088 | D:2      | 1088 ||| INVOKING Spit Poison.
  1100 | D:2      | Noticed Sigmund
  1101 | D:2      | 1101 ||| INVOKING Spit Poison.
  1105 | D:2      | 1105 ||| INVOKING Spit Poison.
  1111 | D:2      | HP: 7/40 [Sigmund/puff of flame (4)]
  1112 | D:2      | Slain by Sigmund

Levels and vault maps discovered:
D:1:      saegor_arrival_under_anarchy, layout_basic, minivault_27,
          minmay_quantized
D:2:      layout_loops_corners, minmay_heptomino_h4, uniq_robin, uniq_sigmund,
          uniq_terence

Skill      XL: |  1  2  3 |
---------------+----------+-----
Ranged Weapons | 4 5 |  5.0
Fighting       | |  2.6
Dodging        | |  1.5
Stealth        | |  1.5

Action                     |  1- 3 |  4- 6 || total
---------------------------+-------+-------++-------
   Fire: Shortbow          |    45 |    17 ||    62
Ability: Spit Poison       |    20 |    10 ||    30
    Use: Scroll            |     4 |       ||     4
 Armour: Leather armour    |     1 |     1 ||     2
  Dodge: Dodged            |     4 |     4 ||     8

Table legend:
 A = Non-vault XP
 B = Vault XP
 C = Vault XP percentage of total XP
 D = Non-vault monster count
 E = Vault monster count
 F = Vault count percentage of total count
                 A         B        C        D         E       F
            +---------+---------+-------+---------+---------+-------
      Total |      66 |      48 |  42.1 |      34 |       8 |  19.0
            +---------+---------+-------+---------+---------+-------
        D:1 |      36 |       9 |  20.0 |      24 |       5 |  17.2
        D:2 |      30 |      39 |  56.5 |      10 |       3 |  23.1
            +---------+---------+-------+---------+---------+-------
